Map: Coda LE

Players

Neuro - Winner!

  • Race: Zerg Zerg
  • Spawn Location: 11:00

Loft

  • Race: Zerg Zerg
  • Spawn Location: 5:00

VOD

http://www.twitch.tv/neurostarcraft/v/3984988

Description

Time

  • Played on: April 3, 2015, 1:53 p.m.
  • Length: 5:04
Show
View Real Time Build Order
Export as new Build Order

Neuro Zerg - Winner!

Build Orders: Hatch First, Ravager All-In 

Get SALT Encoding   

  12  0:01  Drone  
  13  0:12  Overlord  
  13  0:17  Drone  
  14  0:30  Drone x2  
  14  0:35  Drone  
  17  0:53  Hatchery  
  17  0:56  Drone  
  17  1:10  Spawning Pool  
  16  1:12  Drone  
  16  1:16  Drone  
  16  1:18  Extractor  
  17  1:22  Drone  
  18  1:28  Drone  
  19  1:39  Drone  
  20  1:49  Drone  
  21  2:00  Overlord  
  21  2:04  Queen  
  21  2:05  Queen  
  21  2:06  Drone  
  26  2:11  Roach Warren  
  26  2:15  Drone  
  26  2:20  Metabolic Boost  
  26  2:25  Drone  
  26  2:27  Drone  
  28  2:32  Drone  
  28  2:33  Drone  
  30  2:44  Drone x2  
  30  2:49  Overlord  
  32  2:54  Overlord  
  32  3:09  Roach  
  32  3:10  Roach  
  36  3:15  Roach x4  
  44  3:21  Overlord x2  
  44  3:26  Zergling x8  
  48  3:34  Zergling x4  
  50  3:43  Zergling x2  
  50  3:48  Zergling x2  
  52  3:52  Zergling x16  
  60  3:56  Zergling x2  
  60  3:59  Overlord  
  57  4:18  Zergling x8  
  57  4:23  Ravager  
  57  4:24  Ravager  
  62  4:25  Zergling x2  
  62  4:26  Zergling x14  
Show
View Real Time Build Order
Export as new Build Order

Loft Zerg 

Build Orders: Hatch First 

Get SALT Encoding   

  12  0:01  Drone  
  13  0:10  Drone  
  14  0:21  Overlord  
  14  0:34  Extractor  
  14  0:35  Drone  
  15  0:42  Drone x2  
  17  0:46  Drone  
  18  0:58  Drone  
  19  1:05  Hatchery  
  18  1:14  Extractor  
  18  1:17  Spawning Pool  
  16  1:20  Drone  
  16  1:23  Drone  
  18  1:34  Overlord  
  18  1:41  Drone  
  19  1:50  Drone  
  20  2:06  Queen, Zergling x2  
  23  2:18  Drone x2, Queen  
  23  2:20  Metabolic Boost  
  27  2:27  Drone  
  28  2:31  Drone  
  29  2:38  Drone  
  29  2:43  Baneling Nest, Drone  
  30  2:47  Overlord  
  30  2:53  Drone  
  31  2:58  Drone  
  32  3:07  Overlord  
  32  3:08  Overlord  
  32  3:11  Roach Warren  
  30  3:17  Drone x5  
  35  3:26  Evolution Chamber  
  35  3:28  Drone  
  35  3:29  Drone x4  
  40  3:42  Overlord  
  40  3:43  Zergling x6  
  40  3:45  Spine Crawler  
  42  3:55  Spine Crawler, Zergling x10  
  47  3:56  Spine Crawler  
  47  4:02  Zergling x2  
  47  4:04  Zergling x2  
  48  4:10  Zergling x2  
  48  4:16  Zergling x8  
  51  4:20  Zergling x4  
  51  4:26  Zergling x4  
  51  4:30  Zergling x4  
  51  4:31  Zergling x2  
  56  4:37  Zergling x2  
  48  4:39  Zergling x2  
  48  4:45  Zergling x2  
Tags
 
Add a new tag
Caveats
  • Supply blocks, unpowered buildings, or Contaminate may cause inaccurate times.
  • Supply counts are checked every 10 seconds.